 Dungeon Crawl Stone Soup version 0.17.0-15-g6d90897 (webtiles) character file.

30 oplop the Ducker (level 3, 15/15 HPs)
             Began as a Felid Transmuter on Nov 10, 2015.
             Quit the game on level 2 of the Dungeon.
             The game lasted 00:03:31 (1401 turns).

oplop the Ducker (Felid Transmuter)                 Turns: 1401, Time: 00:03:31

Health: 15/15      AC:  1    Str:  6    XL:     3   Next: 3%
Magic:  8/8        EV: 19    Int: 14    God:
Gold:   63         SH:  0    Dex: 17    Spells: 2 memorised, 4 levels left
                                        Lives:  0   Deaths: 1

rFire  . . .     SeeInvis +       - Unarmed
rCold  . . .     Clarity  .     (armour unavailable)
rNeg   . . .     SustAt   .     (shield unavailable)
rPois  .         Gourm    .     (helmet unavailable)
rElec  .         Spirit   .     (cloak unavailable)
rCorr  .         Warding  .     (gloves unavailable)
rMut   .         Stasis   .     (boots unavailable)
MR     .....                    (no amulet)
Stlth  ++........               (no ring)
                                (no ring)

@: quick, not resistant to hostile enchantments, unstealthy
A: no armour, no weapons or thrown items, claws 1, fangs 3, see invisible,
carnivore 3, speed 1, shaggy fur 1, slow metabolism 1, sharp paws
a: no special abilities


You were on level 2 of the Dungeon.
You were not hungry.

You visited 1 branch of the dungeon, and saw 2 of its levels.

You collected 63 gold pieces.

Inventory:

Missiles
 a - 9 arrows
Jewellery
 g - an uncursed amulet of resist mutation {unknown}
Scrolls
 d - a scroll of enchant weapon {unknown}
 h - 2 scrolls of teleportation {unknown}
 j - a scroll of identify {unknown}
 m - a scroll of noise {unknown}
Potions
 e - a potion of heal wounds {unknown}
 f - 2 potions of resistance {unknown}
 i - a potion of curing {unknown}
 l - a potion of cure mutation {unknown}
Books
 b - a book of Changes

   Spells                             Type                      Level
   a - Beastly Appendage              Transmutation                1
   b - Sticks to Snakes               Transmutation                2
   c - Spider Form                    Transmutation/Poison         3
   d - Ice Form                       Ice/Transmutation            4
   e - Blade Hands                    Transmutation                5
Comestibles
 c - a meat ration
 k - a beef jerky


   Skills:
 - Level 1.0 Fighting
 + Level 3.9 Dodging
 - Level 3.1 Unarmed Combat
 + Level 2.7 Spellcasting
 + Level 3.2 Transmutations


You had 4 spell levels left.
You knew the following spells:

 Your Spells              Type           Power        Failure   Level  Hunger
a - Beastly Appendage     Trmt           ##....       10%         1    #......
b - Sticks to Snakes      Trmt           ##........   12%         2    ###....


Dungeon Overview and Level Annotations

Branches:
Dungeon (2/15)

Altars:
Ru


Innate Abilities, Weirdness & Mutations

You cannot wear armour.
You are incapable of wielding weapons or throwing items.
You have sharp claws.
You have razor-sharp teeth.
You have supernaturally acute eyesight.
You are carnivorous and can eat meat at any time.
You cover ground quickly.
You are covered in fur (AC +1).
You have a slow metabolism.
Your sharp claws are effective at attacking unaware monsters.


Message History

The quokka closely misses you.
You scratch the quokka.
You kill the quokka!
You closely miss the giant gecko. The giant gecko misses you.
You closely miss the giant gecko. The giant gecko bites you.
You barely miss the giant gecko.
Your transformation is almost over.
The giant gecko bites you.
* * * LOW HITPOINT WARNING * * *
You scratch the giant gecko.
The giant gecko is almost dead.
The giant gecko bites you.
You die...
Your shape twists and changes as you die.
The giant gecko closely misses you.
You are now level 3!
Your horns disappear.
You rejoin the land of the living...
Unknown command.
Are you sure you want to abandon this character and quit the game? (Confirm with "yes".)

##......#
#.# #..#.#.#
#.#
.....#.###.#
#..........#
######..####
##(<# #<..#
#.#.# #@#.#
#.#.# #.#.#
#)รท.# #..##
#..# #..#
#..# #..#


There were no monsters in sight!

Vanquished Creatures
  2 adders (D:2)
  8 hobgoblins
  2 jackals (D:1)
  3 kobolds
  A ball python (D:2)
  3 bats (D:2)
  2 giant newts (D:2)
  5 goblins (D:1)
  2 quokkas (D:2)
  5 rats
33 creatures vanquished.

Vanquished Creatures (collateral kills)
  Terence (D:2)
  A hobgoblin (D:2)
  A kobold (D:2)
  A rat (D:2)
4 creatures vanquished.

Grand Total: 37 creatures vanquished

Notes
Turn   | Place    | Note
--------------------------------------------------------------
     0 | D:1      | oplop the Felid Transmuter began the quest for the Orb.
     0 | D:1      | Reached XP level 1. HP: 9/9 MP: 4/4
   413 | D:1      | Reached XP level 2. HP: 5/12 MP: 6/6
   786 | D:2      | Reached XP level 3. HP: 2/15 MP: 5/7
  1077 | D:2      | Learned a level 2 spell: Sticks to Snakes
  1213 | D:2      | Noticed Terence
  1236 | D:2      | Killed Terence
  1260 | D:2      | Found a sacrificial altar of Ru.
  1336 | D:2      | Reached XP level 4. HP: 11/19 MP: 9/9
  1400 | D:2      | Slain by a giant gecko
  1401 | D:2      | Reached XP level 3. HP: -1/15 MP: 8/8
  1401 | D:2      | Quit the game

Action                   |  1- 3 |  4- 6 || total
-------------------------+-------+-------++-------
Melee: Unarmed           |    80 |    10 ||    90
 Cast: Beastly Appendage |    10 |     1 ||    11
       Sticks to Snakes  |     3 |       ||     3
 Stab: Sleeping          |     2 |       ||     2
  Eat: Chunk             |     2 |       ||     2
